PAAA
JERSEY CITY TRITONS @ TORTOLITA DRUMMERS
09/17/2031
 
TOP OF THE 1ST
Jersey City Tritons batting - Pitching for Tortolita Drummers : LHP Paul Díaz
Pitching: LHP Paul Díaz
Batting: RHB Rand McNally 0-0: Ball
1-0: Swinging Strike
1-1: Bunt for hit - play at first, batter OUT! 5-3
Batting: RHB Arturo Scantlebury 0-0: Called Strike
0-1: Called Strike
0-2: Foul Ball, location: 2F
0-2: Ground out 3-1 (Groundball, 34S)
Batting: LHB Count Dante 0-0: Ball
1-0: Fly out, F7 (Flyball, 78S)
Top of the 1st over - 0 runs, 0 hits, 0 errors, 0 left on base; Jersey City 0 - Tortolita 0
BOTTOM OF THE 1ST
Tortolita Drummers batting - Pitching for Jersey City Tritons : RHP Juan Costello
Pitching: RHP Juan Costello
Batting: RHB Lu-fang Koo 0-0: Called Strike
0-1: Foul Ball, location: 2F
0-2: Strikes out swinging
Batting: RHB Ricardo Pacheco 0-0: Ground out 6-3 (Groundball, 6M)
Batting: LHB Glen Allen Mixon 0-0: Called Strike
0-1: Ball
1-1: Ball
2-1: Called Strike
2-2: Reached on error, E3 (Groundball, 3)
Batting: RHB Rich Flannery 0-0: Ball
1-0: Ball
2-0: Called Strike
2-1: Reached on error, E4 (Groundball, 34)
Glen Allen Mixon to second
Batting: LHB Francisco Ornelas 0-0: Called Strike
0-1: Foul Ball, location: 2F
0-2: Ball
1-2: Ball
2-2: Fly out, F8 (Flyball, 8LD)
Bottom of the 1st over - 0 runs, 0 hits, 2 errors, 2 left on base; Jersey City 0 - Tortolita 0
TOP OF THE 2ND
Jersey City Tritons batting - Pitching for Tortolita Drummers : LHP Paul Díaz
Batting: RHB Yoshihiro Iwasaki 0-0: Ball
1-0: Ball
2-0: Ball
3-0: Swinging Strike
3-1: Foul Ball, location: 2F
3-2: Base on Balls
Batting: SHB Dave Atkins 0-0: Ball
1-0: Ball
2-0: Foul Ball, location: 2F
2-1: Ball
3-1: Called Strike
3-2: Strikes out swinging
Yoshihiro Iwasaki steals 2nd base
Batter strikes out.
Batting: RHB Carlos Rúbio 0-0: Ball
Yoshihiro Iwasaki steals 3rd base
1-0: Foul Ball, location: 2F
1-1: Foul Ball, location: 2F
1-2: Hit by Pitch
Batting: SHB Holden Nolan 0-0: Ball
1-0: Ball
2-0: Foul Ball, location: 2F
2-1: Ball
3-1: Base on Balls
Carlos Rúbio to second
Batting: RHB Marcos Alfaro 0-0: Swinging Strike
0-1: Ball
1-1: Ball
2-1: Grounds into double play, 6-4-3 (Groundball, 6D)
Top of the 2nd over - 0 runs, 0 hits, 0 errors, 2 left on base; Jersey City 0 - Tortolita 0
BOTTOM OF THE 2ND
Tortolita Drummers batting - Pitching for Jersey City Tritons : RHP Juan Costello
Batting: LHB Steve Costillo 0-0: Ball
1-0: Ball
2-0: Foul Ball, location: 2F
2-1: Swinging Strike
2-2: Strikes out looking
Batting: RHB Orlando Montoya 0-0: Fly out, F8 (Flyball, 78D)
Batting: RHB Alan Elder 0-0: Called Strike
0-1: Ball
1-1: Ball
2-1: Called Strike
2-2: Ball
3-2: Foul Ball, location: 2F
3-2: Ground out 5-3 (Groundball, 5L)
Bottom of the 2nd over - 0 runs, 0 hits, 0 errors, 0 left on base; Jersey City 0 - Tortolita 0
TOP OF THE 3RD
Jersey City Tritons batting - Pitching for Tortolita Drummers : LHP Paul Díaz
Batting: RHB Brian Moring 0-0: Ball
1-0: Ball
2-0: Fly out, F7 (Flyball, 78D)
Batting: RHB Rand McNally 0-0: Called Strike
0-1: Swinging Strike
0-2: Ball
1-2: Foul Ball, location: 2F
1-2: Fly out, F8 (Flyball, 8LM)
Batting: RHB Arturo Scantlebury 0-0: Called Strike
0-1: SINGLE (Groundball, 56D)
Batting: LHB Count Dante 0-0: Swinging Strike
0-1: Ball
1-1: SINGLE (Line Drive, 78S)
Arturo Scantlebury to second
Batting: RHB Yoshihiro Iwasaki 0-0: Ball
1-0: Fielders Choice at 2nd, 6-4 (Groundball, 6)
Top of the 3rd over - 0 runs, 2 hits, 0 errors, 2 left on base; Jersey City 0 - Tortolita 0
BOTTOM OF THE 3RD
Tortolita Drummers batting - Pitching for Jersey City Tritons : RHP Juan Costello
Batting: RHB Jim Burch 0-0: Reached on error, E6 (Groundball, 6)
Batting: RHB Lu-fang Koo 0-0: Called Strike
0-1: Ball
1-1: Ball
2-1: Foul Ball, location: 2F
2-2: Strikes out swinging
Batting: RHB Ricardo Pacheco 0-0: Ball
1-0: Ball
2-0: Called Strike
2-1: Foul Ball, location: 2F
2-2: SINGLE (Line Drive, 9S)
Jim Burch to third
Batting: LHB Glen Allen Mixon 0-0: Called Strike
0-1: Ball
1-1: DOUBLE (Line Drive, 89D)
Jim Burch scores
Ricardo Pacheco to third
Runner from 3rd tries for Home, SAFE, no throw
Batting: RHB Rich Flannery 0-0: Called Strike
0-1: Ball
1-1: Ball
2-1: Foul Ball, location: 2F
2-2: Strikes out swinging
Batting: LHB Francisco Ornelas 0-0: Called Strike
0-1: Called Strike
0-2: Foul Ball, location: 2F
0-2: Ball
1-2: Foul Ball, location: 2F
1-2: Strikes out looking
Bottom of the 3rd over - 2 runs, 2 hits, 1 error, 1 left on base; Jersey City 0 - Tortolita 2
TOP OF THE 4TH
Jersey City Tritons batting - Pitching for Tortolita Drummers : LHP Paul Díaz
Batting: SHB Dave Atkins 0-0: Called Strike
0-1: Called Strike
0-2: Strikes out swinging
Batting: RHB Carlos Rúbio 0-0: Ball
1-0: Ball
2-0: Ball
3-0: Base on Balls
Batting: SHB Holden Nolan 0-0: Called Strike
0-1: Ball
1-1: Called Strike
1-2: Ground out 3-1 (Groundball, 34S)
Carlos Rúbio to second
Batting: RHB Marcos Alfaro 0-0: Fly out, F7 (Line Drive, 7)
Top of the 4th over - 0 runs, 0 hits, 0 errors, 1 left on base; Jersey City 0 - Tortolita 2
BOTTOM OF THE 4TH
Tortolita Drummers batting - Pitching for Jersey City Tritons : RHP Juan Costello
Batting: LHB Steve Costillo 0-0: Ground out 4-3 (Groundball, 4)
Batting: RHB Orlando Montoya 0-0: Foul Ball, location: 2F
0-1: Foul Ball, location: 2F
0-2: Fly out, F9 (Flyball, 9LS)
Batting: RHB Alan Elder 0-0: Ball
1-0: Ball
2-0: Foul Ball, location: 2F
2-1: Ball
3-1: Base on Balls
Batting: RHB Jim Burch 0-0: Ball
1-0: Ball
2-0: Ground out 1-3 (Groundball, 13)
Bottom of the 4th over - 0 runs, 0 hits, 0 errors, 1 left on base; Jersey City 0 - Tortolita 2
TOP OF THE 5TH
Jersey City Tritons batting - Pitching for Tortolita Drummers : LHP Paul Díaz
Batting: RHB Brian Moring 0-0: Ball
1-0: Ball
2-0: Called Strike
2-1: Foul Ball, location: 2F
2-2: Ball
3-2: Base on Balls
Batting: RHB Rand McNally 0-0: Sac Bunt - play at first, batter safe!
Brian Moring to second
Batting: RHB Arturo Scantlebury 0-0: Ball
1-0: Ball
2-0: Fly out, F7 (Flyball, 7S)
Batting: LHB Count Dante 0-0: Foul Ball, location: 2F
0-1: Swinging Strike
0-2: Foul Ball, location: 2F
0-2: Ball
1-2: Ball
2-2: SINGLE (Groundball, 56D)
Brian Moring to third
Rand McNally to second
Batting: RHB Yoshihiro Iwasaki 0-0: SINGLE (Line Drive, 8RM)
Brian Moring scores
Rand McNally to third
Count Dante to second
Batting: SHB Dave Atkins 0-0: Foul Ball, location: 2F
0-1: Ball
1-1: Foul Ball, location: 2F
1-2: DOUBLE (Line Drive, 78XD)
Rand McNally scores
Count Dante scores
Yoshihiro Iwasaki to third
Batting: RHB Carlos Rúbio 0-0: SINGLE (Line Drive, 56)
Yoshihiro Iwasaki scores
Dave Atkins to third
Batting: SHB Holden Nolan 0-0: Called Strike
0-1: Ball
1-1: Ball
2-1: Called Strike
2-2: Foul Ball, location: 2F
2-2: Ground out 5-3 (Groundball, 56S)
Dave Atkins scores
Carlos Rúbio to second
Batting: RHB Marcos Alfaro 0-0: Called Strike
0-1: Ground out 1-3 (Groundball, 15S)
Top of the 5th over - 5 runs, 5 hits, 0 errors, 1 left on base; Jersey City 5 - Tortolita 2
BOTTOM OF THE 5TH
Tortolita Drummers batting - Pitching for Jersey City Tritons : RHP Juan Costello
Batting: RHB Lu-fang Koo 0-0: Bunt for hit - play at first, batter OUT! 1-3
Batting: RHB Ricardo Pacheco 0-0: Called Strike
0-1: Ball
1-1: Ball
2-1: Ball
3-1: Foul Ball, location: 2F
3-2: Base on Balls
Batting: LHB Glen Allen Mixon 0-0: Called Strike
0-1: Ball
1-1: Foul Ball, location: 2F
1-2: Strikes out swinging
Batting: RHB Rich Flannery 0-0: Fly out, F3 (Popup, 23F)
Bottom of the 5th over - 0 runs, 0 hits, 0 errors, 1 left on base; Jersey City 5 - Tortolita 2
TOP OF THE 6TH
Jersey City Tritons batting - Pitching for Tortolita Drummers : LHP Paul Díaz
Batting: RHB Brian Moring 0-0: Called Strike
0-1: Ball
1-1: Ball
2-1: Ball
3-1: Base on Balls
Batting: RHB Rand McNally 0-0: Sac Bunt - play at first, batter OUT! 1-3
Brian Moring to second
Batting: RHB Arturo Scantlebury 0-0: Called Strike
0-1: SINGLE (Line Drive, 89S)
Brian Moring to third
Batting: LHB Count Dante 0-0: Fly out, F9 (Line Drive, 9LD)
Runner from 3rd tags up, SCORES, no throw
Pitching: RHP Darren Garland
Batting: RHB Yoshihiro Iwasaki 0-0: Ball
1-0: Ball
2-0: Fly out, F9 (Flyball, 9S)
Top of the 6th over - 1 run, 1 hit, 0 errors, 1 left on base; Jersey City 6 - Tortolita 2
BOTTOM OF THE 6TH
Tortolita Drummers batting - Pitching for Jersey City Tritons : RHP Juan Costello
Batting: LHB Francisco Ornelas 0-0: Ball
1-0: Called Strike
1-1: Swinging Strike
1-2: Ball
2-2: Fly out, F6 (Line Drive, 6M)
Batting: LHB Steve Costillo 0-0: Called Strike
0-1: Ball
1-1: Fly out, F9 (Flyball, 89D)
Batting: RHB Orlando Montoya 0-0: Called Strike
0-1: Ball
1-1: Ball
2-1: Ground out 1-3 (Groundball, 13)
Bottom of the 6th over - 0 runs, 0 hits, 0 errors, 0 left on base; Jersey City 6 - Tortolita 2
TOP OF THE 7TH
Jersey City Tritons batting - Pitching for Tortolita Drummers : RHP Darren Garland
Batting: SHB Dave Atkins 0-0: Called Strike
0-1: Ball
1-1: Foul Ball, location: 2F
1-2: Ball
2-2: Foul Ball, location: 2F
2-2: Ball
3-2: Strikes out looking
Batting: RHB Carlos Rúbio 0-0: Ball
1-0: Ball
2-0: Called Strike
2-1: Ground out 4-3 (Groundball, 4S)
Batting: SHB Holden Nolan 0-0: Ball
1-0: Ball
2-0: Called Strike
2-1: Foul Ball, location: 2F
2-2: Strikes out swinging
Top of the 7th over - 0 runs, 0 hits, 0 errors, 0 left on base; Jersey City 6 - Tortolita 2
BOTTOM OF THE 7TH
Tortolita Drummers batting - Pitching for Jersey City Tritons : RHP Juan Costello
Batting: RHB Alan Elder 0-0: Called Strike
0-1: Ball
1-1: Fly out, F7 (Flyball, 7S)
Batting: RHB Jim Burch 0-0: SINGLE (Line Drive, 4MD)
Pitching: RHP Jesús Colón
Batting: RHB Lu-fang Koo 0-0: Ball
1-0: Ball
2-0: Ball
3-0: Called Strike
3-1: Base on Balls
Jim Burch to second
Batting: RHB Ricardo Pacheco 0-0: Ball
1-0: Ball
2-0: Ball
3-0: Called Strike
3-1: Called Strike
3-2: Base on Balls
Jim Burch to third
Lu-fang Koo to second
Batting: LHB Glen Allen Mixon 0-0: DOUBLE (Flyball, 89D)
Jim Burch scores
Lu-fang Koo scores
Ricardo Pacheco to third
Runner from 3rd tries for Home, SAFE, throw made at trailing runner, OUT at third!
Batting: RHB Rich Flannery 0-0: Foul Ball, location: 2F
0-1: Ball
1-1: Called Strike
1-2: Foul Ball, location: 2F
1-2: SINGLE (Groundball, 6D)
Pitching: RHP Ricardo García
Batting: LHB Francisco Ornelas 0-0: Called Strike
0-1: Foul Ball, location: 2F
0-2: Ball
1-2: Strikes out swinging
Bottom of the 7th over - 3 runs, 3 hits, 0 errors, 1 left on base; Jersey City 6 - Tortolita 5
TOP OF THE 8TH
Jersey City Tritons batting - Pitching for Tortolita Drummers : RHP Darren Garland
Batting: RHB Marcos Alfaro 0-0: Called Strike
0-1: Swinging Strike
0-2: Fly out, F6 (Line Drive, 6)
Batting: RHB Brian Moring 0-0: Ball
1-0: Called Strike
1-1: Ball
2-1: Single, Error in OF, E7, batter to second base
Pitching: RHP Gojong Joseon
Batting: RHB Rand McNally 0-0: Ground out 5-3 (Groundball, 5S)
Brian Moring to third
Batting: RHB Arturo Scantlebury 0-0: Swinging Strike
0-1: Ball
1-1: Foul Ball, location: 2F
1-2: Foul Ball, location: 2F
1-2: Ball
2-2: Ball
3-2: Strikes out swinging
Top of the 8th over - 0 runs, 1 hit, 1 error, 1 left on base; Jersey City 6 - Tortolita 5
BOTTOM OF THE 8TH
Tortolita Drummers batting - Pitching for Jersey City Tritons : RHP Ricardo García
Now at C: Stephen Crouch
Batting: LHB Steve Costillo 0-0: Ball
1-0: Swinging Strike
1-1: Swinging Strike
1-2: Ball
2-2: Ball
3-2: SINGLE (Groundball, 4MD)
Batting: RHB Orlando Montoya 0-0: Ball
1-0: Sac Bunt - play at first, batter OUT! 3-4
Steve Costillo to second
Batting: RHB Alan Elder 0-0: Called Strike
0-1: Swinging Strike
0-2: Ball
1-2: Foul Ball, location: 2F
1-2: Ball
2-2: Ground out 1-3 (Groundball, 13)
Steve Costillo to third
Batting: RHB Jim Burch 0-0: Called Strike
0-1: Fly out, F3 (Popup, 3L)
Bottom of the 8th over - 0 runs, 1 hit, 0 errors, 1 left on base; Jersey City 6 - Tortolita 5
TOP OF THE 9TH
Jersey City Tritons batting - Pitching for Tortolita Drummers : RHP Gojong Joseon
Batting: LHB Count Dante 0-0: Ball
1-0: Foul Ball, location: 2F
1-1: Foul Ball, location: 2F
1-2: Foul Ball, location: 2F
1-2: Foul Ball, location: 2F
1-2: Foul Ball, location: 2F
1-2: Ball
2-2: Foul Ball, location: 2F
2-2: Ball
3-2: Foul Ball, location: 2F
3-2: Foul Ball, location: 2F
3-2: SINGLE (Groundball, 4MS) (infield hit)
Pinch Hitting: LHB Chia-ch'ing Dodman 0-0: Called Strike
0-1: Swinging Strike
0-2: Strikes out swinging
Batting: SHB Dave Atkins 0-0: Ball
1-0: Called Strike
1-1: Ball
2-1: Called Strike
2-2: Strikes out swinging
Batting: RHB Carlos Rúbio 0-0: Called Strike
0-1: Hit by Pitch
Count Dante to second
Batting: SHB Holden Nolan 0-0: Ball
1-0: Called Strike
1-1: Ball
2-1: Ball
Wild Pitch!
Count Dante to third
Carlos Rúbio to second
3-1: Fly out, F8 (Flyball, 8RS)
Top of the 9th over - 0 runs, 1 hit, 0 errors, 2 left on base; Jersey City 6 - Tortolita 5
BOTTOM OF THE 9TH
Tortolita Drummers batting - Pitching for Jersey City Tritons : RHP Ricardo García
Pitching: LHP Chris Sommer
Now at SS: Micheal Lovell
Now in LF: Chia-ch'ing Dodman
Batting: RHB Lu-fang Koo 0-0: Swinging Strike
0-1: Swinging Strike
0-2: Ball
1-2: Ball
2-2: Foul Ball, location: 2F
2-2: Ground out 5-3 (Groundball, 5)
Batting: RHB Ricardo Pacheco 0-0: Ground out 4-3 (Groundball, 4)
Pinch Hitting: RHB Lonnie Conrad 0-0: Called Strike
0-1: Ball
1-1: Swinging Strike
1-2: Ball
2-2: Strikes out looking
Bottom of the 9th over - 0 runs, 0 hits, 0 errors, 0 left on base; Jersey City 6 - Tortolita 5
Tuesday, June 12th, 2018 - OOTP Baseball 18.8 Build 76